Selects Luftwaffe Battlegroup
Selects Luftwaffe Pioneer Support
Fallschirmpioneer Squad Paradrop
Construct Infanterie Kompanie
Fallschirmpioneer Squad Paradrop
Construct Luftwaffe Kompanie
Selects Reconnaissance Run
Selects Fallschirmjäger Squad Paradrop
Marder III M Tank Destroyer
Luftwaffe Officer Quarters
Construct Panzergrenadier Kompanie
Infanterie Officer Quarters
Nebelwerfer 42 Rocket Launcher Team